 Dungeon Crawl Stone Soup version 0.18.1-8-gdd0e5ea (webtiles) character file.

86 LORDOFBUTT the Insei (level 4, -1/52 HPs)
             Began as a Demonspawn Monk on June 8, 2016.
             Slain by an adder (2 damage)
             ... on level 3 of the Dungeon.
             The game lasted 00:03:27 (1777 turns).

LORDOFBUTT the Insei (Demonspawn Monk)              Turns: 1777, Time: 00:03:28

Health: -1/52      AC: 13    Str: 16    XL:     4   Next: 27%
Magic:  4/4        EV: 14    Int: 11    God:
Gold:   154        SH:  0    Dex: 17    Spells: 0 memorised, 3 levels left

rFire  . . .     SeeInvis .       - Unarmed
rCold  . . .     Gourm    .     a - +0 robe
rNeg   . . .     Faith    .     (no shield)
rPois  .         Spirit   .     (no helmet)
rElec  .         Dismiss  +     (no cloak)
rCorr  .         Reflect  .     (no gloves)
SustAt .         Harm     .     e - +2 pair of boots
MR     .....                    j - amulet of dismissal
Stlth  ..........               (no ring)
                                (no ring)

@: berserking, lethally poisoned (-1 -> -4), slowed, not resistant to hostile
enchantments, extremely unstealthy
A: iridescent scales 3
a: no special abilities


You were on level 3 of the Dungeon.
You were not hungry.

You visited 1 branch of the dungeon, and saw 3 of its levels.

You collected 154 gold pieces.

Inventory:

Armour
 a - a +0 robe (worn)
 e - a +2 pair of boots (worn)
Jewellery
 j - an amulet of dismissal (around neck)
 l - a -3 ring of evasion
 n - an uncursed ring of teleportation
Scrolls
 m - a scroll of teleportation {unknown}
Potions
 c - a potion of haste
 f - 2 potions of ambrosia
 g - 2 potions of brilliance
Comestibles
 b - a beef jerky


   Skills:
 + Level 3.5 Fighting
 + Level 3.3 Dodging
 + Level 2.1 Stealth
 + Level 4.3 Unarmed Combat


You had 3 spell levels left.
You didn't know any spells.

Dungeon Overview and Level Annotations

Branches:
Dungeon (3/15)

Altars:
Fedhas
Nemelex Xobeh
Trog
Yredelemnul


Innate Abilities, Weirdness & Mutations

You are completely covered in iridescent scales (AC +8).


Message History

The orc looks frightened!
The orc wizard looks frightened!
The orc priest looks frightened!
The orc looks frightened!
The orc wizard gestures wildly while chanting.
The orc wizard blinks!
The orc wizard gestures wildly while chanting.
The orc wizard blinks!
The adder barely misses you. The adder misses you. The adder bites you.
* * * LOW HITPOINT WARNING * * *
You are lethally poisoned!
The adder poisons you!
* * * LOW HITPOINT WARNING * * *
You feel sick.
Cornered, the orc turns to fight!
Drink which item? (? for menu, Esc to quit)
It was a potion of berserk rage.
A red film seems to cover your vision as you go berserk!
You feel yourself moving faster!
You feel mighty!
* * * LOW HITPOINT WARNING * * *
You feel sick. The adder bites you.
You die...

....... ##.# # ....... #.# #
#.... #.# #
###....########## #.# #
................# #.###
................########....
..o.....................(###
#######...S..............#
#....@.............#
#..................#
#..................#
#o.................#
########......######
#......# ########


You could see an adder and an orc.

Vanquished Creatures
  2 adders (D:2)
  2 dart slugs
  2 worms (D:2)
  2 giant geckos
  3 orcs (D:3)
  A ball python (D:1)
  8 bats
  A giant cockroach (D:1)
  3 goblins
  7 hobgoblins
  3 jackals (D:2)
  4 giant newts (D:1)
  9 kobolds
  7 rats
54 creatures vanquished.

Notes
Turn   | Place    | Note
--------------------------------------------------------------
     0 | D:1      | LORDOFBUTT the Demonspawn Monk began the quest for the Orb.
     0 | D:1      | Reached XP level 1. HP: 18/18 MP: 1/1
   169 | D:1      | Gained mutation: You are partially covered in iridescent scales (AC +4). [demonic ancestry]
   169 | D:1      | Reached XP level 2. HP: 24/24 MP: 2/2
   621 | D:1      | Reached skill level 4 in Unarmed Combat
   659 | D:2      | Gained mutation: You are mostly covered in iridescent scales (AC +6). [demonic ancestry]
   659 | D:2      | Reached XP level 3. HP: 19/29 MP: 3/3
   666 | D:2      | Found a sparkling altar of Nemelex Xobeh.
   680 | D:2      | HP: 1/29 [hobgoblin/club (3)]
   950 | D:2      | Found a blossoming altar of Fedhas.
  1011 | D:2      | Found a bloodstained altar of Trog.
  1148 | D:2      | Found a basalt altar of Yredelemnul.
  1285 | D:2      | Gained mutation: You are completely covered in iridescent scales (AC +8). [demonic ancestry]
  1285 | D:2      | Reached XP level 4. HP: 33/35 MP: 4/4
  1776 | D:3      | HP: 1/35 [poisoned by an adder]
  1777 | D:3      | Slain by an adder

Skill      XL: |  1  2 |
---------------+-------+-----
Dodging        | 3 |  3.3
Stealth        | 2 |  2.1
Unarmed Combat | 4 |  4.3
Fighting       | |  3.5

Action                   |  1- 3 |  4- 6 || total
-------------------------+-------+-------++-------
Melee: Unarmed           |   178 |    54 ||   232
       Punch             |     2 |     4 ||     6
  Use: Potion            |     1 |     1 ||     2
       Scroll            |       |     7 ||     7
 Stab: Sleeping          |     3 |       ||     3
  Eat: Bread ration      |     1 |       ||     1
Armor: Robe              |    66 |    35 ||   101
Dodge: Dodged            |   154 |    69 ||   223
